cohdb
Replays
Latest Replays
All Replays
Popular Replays
Top Player Replays
Match Explorer
How It Works
Community
CoH3 Stats
Reddit
Sign in to upload your games and track your stats! →
Sign in with Steam
Match 45930194
Unlisted
Match 45930194
Overview
Messages
Build Orders
End
Kradschützen Motorcycle Team
Panzerpioneer Squad
Selects Battlefield Espionage Battlegroup
Panzerpioneer Squad
Panzerpioneer Squad
Construct Light Support Kompanie
MG34 Team
2.5-tonne Medical Truck
Selects Intel Disruption Beacon
Panzerjäger Squad
MG34 Team
Fire Support Elements
Flakvierling Half-track
Panzerjäger Squad
Selects 250/3 Funkpanzerwagen
Selects Plunder
Construct Panzerarmee Kommand
Selects Disruption Operation
2.5-tonne Medical Truck
Armored Reserves
Disruption Operation
Panzer IV Assault Group
Selects Advanced Ambush Training
Majestic
珀犭
DoubleCores
Don Pitudo
큐티큐티킹왕짱
Hacsan
0
0
Comments
sign in to comment!
No comments posted yet!